 Dungeon Crawl Stone Soup version 0.30.1-3-gfc49f6343a (webtiles) character file.

Game seed: 18421433358557796736

270 Anriel the Shooter (level 6, 0/37 HPs)
             Began as a Deep Elf Hunter on July 31, 2023.
             Slain by an orc
             ... wielding a +0 mace
              (4 damage)
             ... on level 3 of the Dungeon.
             The game lasted 00:10:22 (2000 turns).

Anriel the Shooter (Deep Elf Hunter)                Turns: 2000, Time: 00:10:23

Health: 0/37       AC:  3    Str:  8    XL:     6   Next: 1%
Magic:  8/8        EV: 13    Int: 14    God:
Gold:   171        SH:  0    Dex: 20    Spells: 3/5 levels left

rFire   . . .        a - +0 shortbow
rCold   . . .        (shield currently unavailable)
rNeg    . . .        c - +0 leather armour
rPois   .            (no helmet)
rElec   .            (no cloak)
rCorr   .            (no gloves)
SInv    .            (no boots)
Will    .....        (no amulet)
Stlth   +++          (no ring)
HPRegen 0.26/turn    (no ring)
MPRegen 0.11/turn

%: no passive effects
@: no status effects
A: no striking features
a: no special abilities


You were on level 3 of the Dungeon.
You visited 1 branch of the dungeon, and saw 4 of its levels.

You collected 171 gold pieces.

Inventory:

Hand Weapons
 a - a +0 shortbow (weapon)
Armour
 c - a +0 leather armour (worn)
Scrolls
 b - 2 scrolls of immolation
 d - a scroll of fear
 h - 4 scrolls of teleportation
Potions
 f - a potion of haste {unknown}
 g - 2 potions of magic
 i - 2 potions of might
 j - a potion of lignification {unknown}
 m - a potion of curing
 n - a potion of mutation {unknown}


   Skills:
 * Level 3.4 Fighting
 + Level 6.3 Ranged Weapons
 + Level 4.0 Dodging
 + Level 3.6 Stealth


You had 3 spell levels left.
You knew the following spells:

 Your Spells              Type           Power      Damage    Failure   Level
a - Ensorcelled Hibernat  Hex/Ice        0%         N/A       54%         2

Your spell library contained the following spells:

 Spells                   Type           Power      Damage    Failure   Level
 Spider Form              Tmut/Pois      0%         N/A       77%         3
 Anguish                  Hex/Necr       0%         N/A       99%         4


Dungeon Overview and Level Annotations

Branches:
Dungeon (4/15)
 Temple: D:4-7

Altars:
Nemelex Xobeh
Ru


Message History

You see here a ball python corpse.
The orc attacks as you move away! The orc hits you with a +0 mace.
You shoot an arrow. The arrow hits the phantom.
The phantom is moderately damaged.
The phantom hits you but does no damage.
You shoot an arrow. The arrow barely misses the phantom.
The arrow barely misses the goblin.
The arrow barely misses the orc.
The phantom barely misses you. The phantom closely misses you.
You shoot an arrow. The arrow hits the phantom.
The phantom is heavily damaged.
The phantom hits you but does no damage.
You shoot an arrow. The arrow hits the phantom.
The phantom is heavily damaged.
The phantom barely misses you.
You shoot an arrow. The arrow hits the phantom.
The phantom is severely damaged.
The phantom hits you.
The phantom blinks!
You blink.
The orc hits you with a +0 mace! The orc attacks as you move away!
The orc barely misses you. The phantom attacks as you move away!
The phantom hits you.
The goblin hits you with the +2 war axe "Cookie Cutter" {speed, rN+ Int+4}.
* * * LOW HITPOINT WARNING * * *
The goblin hits you with the +2 war axe "Cookie Cutter" {speed, rN+ Int+4}!
* * * LOW HITPOINT WARNING * * *
There is a stone staircase leading down, spattered with blood here.
The phantom attacks as you move away! The phantom barely misses you.
It was a potion of curing.
You feel better. The phantom misses you.
The goblin hits you with the +2 war axe "Cookie Cutter" {speed, rN+ Int+4}.
* * * LOW HITPOINT WARNING * * *
The phantom attacks as you move away! The phantom closely misses you.
The phantom attacks as you move away!
The phantom hits you but does no damage.
You shoot an arrow. The arrow hits the phantom.
The phantom is severely damaged.
The phantom barely misses you. The phantom hits you.
* * * LOW HITPOINT WARNING * * *
The phantom blinks!
You blink.
The goblin closely misses you.
Unknown command.
The orc attacks as you move away! The orc hits you with a +0 mace.
You die...

#####...#
#.#
........#
#.#
######..#
#.# #..#
#.# #..#
#.# #>.#
#§# #..#
##.######
######..#
#og..>..###
.(......#
#.@W..†...#
#.#####.#
#...###.#.#
..# #.#
##### #.#.#
'.#####.#
#.#.#
#.......#
#.#.#
#.#.#####
#.#.#
####.#
#.#.#
#.#.##
##.#.#
##..#
##.#..#


You could see a phantom, an orc and a goblin.

Vanquished Creatures
  Sigmund (D:2)
  An orc wizard (D:3)
  2 adders
  A dart slug (D:3)
  3 endoplasms
  A giant cockroach (D:3)
  5 goblins
  8 hobgoblins
  6 jackals
  3 quokkas
  12 ball pythons
  5 bats
  3 frilled lizards
  5 kobolds
  4 rats
60 creatures vanquished.

Notes
Turn   | Place    | Note
-------+----------+-------------------------------------------
     0 | D:1      | Anriel the Deep Elf Hunter began the quest for the Orb.
     0 | D:1      | Reached XP level 1. HP: 12/12 MP: 3/3
   145 | D:1      | Reached XP level 2. HP: 17/17 MP: 4/4
   236 | D:1      | Found a faded altar of an unknown god.
   585 | D:1      | Reached XP level 3. HP: 21/21 MP: 5/5
  1011 | D:2      | Noticed Sigmund
  1074 | D:3      | Learned a level 2 spell: Ensorcelled Hibernation
  1197 | D:3      | Found a sacrificial altar of Ru.
  1206 | D:3      | Reached XP level 4. HP: 27/27 MP: 6/6
  1291 | D:3      | Found a sparkling altar of Nemelex Xobeh.
  1744 | D:4      | Noticed a phantom
  1761 | D:4      | Identified the +2 war axe "Cookie Cutter" {speed, rN+
                  | Int+4}
  1920 | D:2      | Killed Sigmund
  1921 | D:2      | Reached skill level 6 in Ranged Weapons
  1921 | D:2      | Reached XP level 5. HP: 30/32 MP: 7/7
  1921 | D:2      | Reached XP level 6. HP: 35/37 MP: 8/8
  2000 | D:3      | Slain by an orc

Illustrated notes

Levels and vault maps discovered:
D:1:      minmay_arrival_plants_in_alcoves, layout_basic,
          shapermc_ecumenical_altar_acropolis
D:2:      layout_basic, uniq_sigmund
D:3:      layout_loops_ring, nicolae_overflow_crystal_walls,
          nicolae_ru_great_annihilating_truth
D:4:      layout_rooms, nicolae_dithmenos_through_a_glass_darkly

Skill      XL: |  1  2  3  4 |
---------------+-------------+-----
Fighting       | 2 3 |  3.4
Stealth        | 2 3 |  3.6
Dodging        | 3 4 |  4.0
Ranged Weapons | 6 |  6.3

Action                     |  1- 3 |  4- 6 || total
---------------------------+-------+-------++-------
   Fire: Shortbow          |    83 |    58 ||   141
    Use: Scroll            |     4 |     6 ||    10
         Potion            |       |     1 ||     1
 Armour: Leather armour    |    16 |    14 ||    30
  Dodge: Dodged            |    24 |    30 ||    54
